 Dungeon Crawl Stone Soup version 0.31-a0-981-geadf994542 (webtiles) character file.

Game seed: 12217089981873488693

2727 Dirtsage the Insei (level 9, -5/61 HPs)
             Began as an Octopode Shapeshifter on Oct 31, 2023.
             Was a Believer of Wu Jian.
             Slain by Gastronok (26 damage)
             ... on level 8 of the Dungeon.
             The game lasted 00:22:37 (9329 turns).

Dirtsage the Insei (Octopode Shapeshifter)          Turns: 9329, Time: 00:22:37

Health: -5/61      AC:  1    Str: 14    XL:     9   Next: 67%
Magic:  0/22       EV: 13    Int: 12    God:    Wu Jian [**....]
Gold:   452        SH:  0    Dex: 15    Spells: 10/13 levels left

rFire   . .          .
                       - Unarmed
rCold   . . .        (no shield)
rNeg    . . .        (helmet currently unavailable)
rPois   .            x - amulet of guardian spirit
rElec   .            d - ring of flight
rCorr   +            k - ring of magical power
SInv    .            C - ring of resist corrosion
Will    .....        W - ring of wizardry
Stlth   +            (no ring)
HPRegen 0.30/turn    (no ring)
MPRegen 0.18/turn    (no ring)
                     (no ring)

%: guardian spirit, wizardry (x1)
@: beast-form, silenced, flying
A: beast (slay +4), almost no armour, amphibious, 8 rings, camouflage 1,
gelatinous body 1, (nimble swimmer 1), tentacles
a: Begin Untransformation, Renounce Religion, Wall Jump


You were on level 8 of the Dungeon.
You worshipped Wu Jian.
Wu Jian was pleased with you.
You were a hulking beast.
You visited 2 branches of the dungeon, and saw 9 of its levels.

You collected 452 gold pieces.

Inventory:

Missiles
 p - 6 curare-tipped darts
Jewellery
 d - a ring of flight (left tentacle)
 k - a ring of magical power (right tentacle)
 x - an amulet of guardian spirit (around mantle)
 C - a ring of resist corrosion (on tentacle)
 W - a ring of wizardry (on tentacle)
Talismans
 b - a beast talisman
 c - a flux talisman
Wands
 y - a wand of flame (73)
Scrolls
 g - a scroll of fear {unknown}
 i - 2 scrolls of identify
 j - a scroll of acquirement
 l - a scroll of poison
 m - a scroll of torment
 r - 2 scrolls of enchant armour
 s - a scroll of fog
 t - a scroll of teleportation
 u - a scroll of silence
 v - a scroll of enchant weapon {unknown}
 A - a scroll of revelation {unknown}
 B - a scroll of blinking
Potions
 a - a potion of lignification
 e - 3 potions of heal wounds {unknown}
 f - 3 potions of brilliance
 h - 2 potions of enlightenment {unknown}
 n - a potion of resistance
 o - 2 potions of magic
 q - 2 potions of curing
 w - a potion of mutation {unknown}
 z - a potion of berserk rage {unknown}


   Skills:
 + Level 5.2 Fighting
 - Level 2.0 Dodging
 * Level 7.9 Unarmed Combat
 + Level 2.7 Spellcasting
 + Level 4.4 Summonings
 * Level 7.3 Shapeshifting


You had 10 spell levels left.
You knew the following spells:

 Your Spells              Type           Power      Damage    Failure   Level
c - Call Canine Familiar  Summ           12%        N/A       4%          3

Your spell library contained the following spells:

 Spells                   Type           Power      Damage    Failure   Level
 Magic Dart               Conj           4%         1d3       11%         1
 Necrotise                Necr           4%         1d4       11%         1
 Searing Ray              Conj           2%         2d4       16%         2
 Sigil of Binding         Hex            1%         N/A       28%         3
 Vampiric Draining        Necr           1%         2d6       28%         3
 Dimensional Bullseye     Hex/Tloc       0%         N/A       65%         4
 Fulminant Prism          Conj/Hex       0%         3d5       65%         4
 Leda's Liquefaction      Hex/Erth       0%         N/A       65%         4
 Agony                    Necr           1%         N/A       93%         5


Dungeon Overview and Level Annotations

Branches:
Dungeon (8/15)             Temple (1/1) D:5
   Lair: D:8-11

Altars:
Ashenzari
Cheibriados
Dithmenos
Elyvilon
Fedhas
Gozag
Hepliaklqana
Kikubaaqudgha
Makhleb
Nemelex Xobeh
Okawaru
Qazlal
Ru
Sif Muna
Trog
Uskayaw
Vehumet
Wu Jian
Xom
Zin
The Shining One

Shops:
D:6 (

Annotations:
D:8 Gastronok


Innate Abilities, Weirdness & Mutations

You are a hulking beast.
Your limbs bulge with bestial killing power. (Slay +4)
You cannot wear most types of armour.
You are amphibious.
You can wear up to eight rings at the same time.
Your skin changes colour to match your surroundings (Stealth+).
Your rubbery body absorbs attacks. (AC +1, EV +1)
((You are camouflaged when in or above water. (Stealth+)))
You have tentacles for arms and can constrict up to eight enemies at once.


Message History

You're standing in a cloud of steam!
Gastronok the Ponderous comes into view.
He is wearing a +2 hat of stealth.
You see here a steam dragon corpse.
You're standing in a cloud of steam!
You tentacle-slap Gastronok.
Gastronok is lightly wounded.
You bludgeon Gastronok!
Gastronok is lightly wounded.
Gastronok bites you!!
You take 18 damage, and have 26/61 hp.
MASSIVE DAMAGE!!
You now have 10/22 mp.
You bludgeon Gastronok!
Gastronok is lightly wounded.
You tentacle-slap Gastronok. You squeeze Gastronok.
Gastronok is moderately wounded.
You tentacle-slap Gastronok. x2; You squeeze Gastronok!
Gastronok is moderately wounded.
Gastronok misses you.
Throw: 7 darts (curare)
Press: ? - help, Shift-Dir - straight line, f - Gastronok
Aim: Gastronok, wearing a +2 hat of stealth (moderately wounded, 94% to hit)
You throw a curare-tipped dart. The curare-tipped dart hits Gastronok.
Gastronok is poisoned.
Gastronok convulses.
Gastronok seems to slow down.
Gastronok is moderately wounded.
As you read the scroll of silence, it crumbles to dust.
A profound silence engulfs you. Gastronok bites you!
You take 7 damage, and have 20/61 hp.
You now have 8/22 mp.
You completely miss Gastronok.
Gastronok is heavily wounded.
You bludgeon Gastronok!
Gastronok is heavily wounded.
You tentacle-slap Gastronok.
Gastronok is heavily wounded.
You bludgeon Gastronok!
Gastronok is severely wounded.
Gastronok is no longer moving slowly.
You tentacle-slap Gastronok. You squeeze Gastronok.
Gastronok is severely wounded.
Gastronok bites you!!
You die...

..).....# )[......+
..# ........# ..#
..)....## ..#
#.....## #.#
##[..## ######.##
##'#######.......#
##..........####w.#
...##.......# #.h.#
#..##....§.§###.#.#
#..##.....§§§.†...#
........8.§§###.###
............# #.#
##..........# #.#
#..#........ ..#
#.........## ###
###.####.#


You could see Gastronok (poisoned).

Vanquished Creatures
  Joseph (D:8)
  A wyvern (D:6)
  A steam dragon (D:8)
  2 black bears
  An orc warrior (D:7)
  An ogre (D:4)
  A centaur (D:5)
  A phantom (D:5)
  A bullfrog (D:7)
  A kobold brigand (D:6)
  A scorpion (D:6)
  5 wights (D:7)
  4 killer bees (D:7)
  A howler monkey (D:6)
  3 hounds (D:5)
  2 orc priests
  3 jellies
  5 iguanas
  3 sleepcaps
  Ijyb (D:5)
  8 orc wizards
  A centaur simulacrum (D:8)
  7 adders
  A shadow imp (D:7)
  6 white imps
  4 ufetubi
  2 worms
  2 dart slugs
  30 orcs
  8 bats
  9 endoplasms
  3 giant cockroaches
  10 goblins
  3 hobgoblins
  11 jackals
  A quokka (D:2)
  5 ball pythons
  12 kobolds
  12 rats
174 creatures vanquished.

Notes
Turn   | Place    | Note
-------+----------+-------------------------------------------
     0 | D:1      | Dirtsage the Octopode Shapeshifter began the quest for the
                  | Orb.
     0 | D:1      | Reached XP level 1. HP: 13/13 MP: 1/1
    82 | D:1      | Found a faded altar of an unknown god.
   200 | D:1      | Reached XP level 2. HP: 12/18 MP: 2/2
   616 | D:1      | Reached XP level 3. HP: 23/23 MP: 3/3
  1602 | D:2      | Reached XP level 4. HP: 17/29 MP: 4/4
  1943 | D:3      | Found a stormy altar of Qazlal.
  2604 | D:3      | Reached XP level 5. HP: 24/34 MP: 5/5
  3341 | D:4      | HP: 1/35 [sleepcap (1)]
  3578 | D:4      | Noticed an ogre
  3589 | D:4      | Killed an ogre
  3590 | D:4      | Reached skill level 5 in Unarmed Combat
  3590 | D:4      | Reached XP level 6. HP: 17/41 MP: 6/6
  4546 | D:5      | Entered Level 5 of the Dungeon
  4555 | D:5      | Reached skill level 5 in Shapeshifting
  4555 | D:5      | Reached XP level 7. HP: 44/46 MP: 7/7
  4590 | D:5      | Found a staircase to the Ecumenical Temple.
  4598 | Temple   | Entered the Ecumenical Temple
  4622 | Temple   | Became a worshipper of the Wu Jian Council
  4669 | D:5      | Learned a level 3 spell: Call Canine Familiar
  4897 | D:5      | Noticed Ijyb
  4905 | D:5      | Killed Ijyb
  5048 | D:5      | Reached skill level 1 in Summonings
  5537 | D:5      | Reached XP level 8. HP: 8/54 MP: 1/8
  5889 | D:5      | Found a shimmering blue altar of Sif Muna.
  6056 | D:6      | Found a transporter.
  6058 | D:6      | Found Imitizuesi's Antique Weapon Emporium.
  6212 | D:6      | Noticed a wyvern
  6223 | D:6      | Killed a wyvern
  6309 | D:6      | Reached * piety under Wu Jian
  6725 | D:6      | Reached skill level 1 in Spellcasting
  6891 | D:6      | Found a transporter.
  7288 | D:6      | Identified a scroll of acquirement
  7443 | D:7      | Reached XP level 9. HP: 33/59 MP: 10/11
  7809 | D:7      | Reached ** piety under Wu Jian
  8685 | D:8      | Noticed a death yak
  8694 | D:8      | Noticed a death yak
  8867 | D:8      | Noticed Joseph
  9097 | D:8      | Reached skill level 5 in Fighting
  9100 | D:8      | Killed Joseph
  9315 | D:8      | Noticed Gastronok
  9329 | D:8      | Slain by Gastronok

Illustrated notes

Levels and vault maps discovered:
D:1:      dpeg_arrival_chambers_temple_mockup, layout_rooms,
          chequers_ecumenical_altar_simple, serial_co_window_serial,
          co_window_corner_a, co_window_cross_1, co_window_corner_a,
          co_window_paths_a, co_window_corner_a, co_window_cross_4,
          co_window_unsneaky_path_c, co_window_paths_c, co_window_corner_ca,
          co_window_cross_2, co_window_paths_c, co_window_corner_ca,
          glass_columns_a
D:2:      layout_basic, nicolae_figureground_pulse
D:3:      layout_basic, mainiacjoe_overflow_cross_hatched,
          grunt_decor_arrowhead, hangedman_decor_clover_reticule
D:4:      layout_gridville, serial_rivers, chequers_serial_rivers_large_b,
          chequers_serial_rivers_large_a, chequers_serial_rivers_micro_b,
          chequers_serial_rivers_small_b, chequers_serial_rivers_small_3
D:5:      layout_basic, lemuel_blue_sif_altar, minmay_temple_entry_overgrown,
          uniq_ijyb
D:6:      layout_loops_corners, serial_shops, nicolae_shop_drivethru,
          hangedman_decor_peaks_small, nicolae_elevator_lobby_plus
D:7:      layout_loops_corners, enter_bailey_8, grunt_ministairs_13,
          minmay_diced_spiral
D:8:      minmay_separated_statues, layout_loops_corners, dpeg_lair_monsters,
          serial_ice, serial_ice_a, serial_ice_h, serial_ice_m, serial_ice_n,
          serial_ice_k, serial_ice_o, uniq_joseph, uniq_gastronok, uniq_psyche
Temple:   nicolae_temple_bog_church

Skill      XL: |  1  2  3  4  5  6  7  8  9 |
---------------+----------------------------+-----
Fighting       | 2 3 4 5 |  5.2
Unarmed Combat | 4 5 6 7 |  7.9
Shapeshifting  | 4 5 6 7 |  7.3
Summonings     | 2 3 4 |  4.4
Spellcasting   | 1 2 |  2.7
Dodging        | |  2.0

Action                     |  1- 3 |  4- 6 |  7- 9 || total
---------------------------+-------+-------+-------++-------
  Melee: Unarmed           |    78 |   130 |   196 ||   404
         Tentacles         |    12 |    35 |    51 ||    98
         Constrict         |    19 |    32 |    49 ||   100
         Punch             |     3 |     7 |     7 ||    17
  Throw: Dart              |       |     1 |     5 ||     6
   Cast: Call Canine Famil |       |       |     1 ||     1
Ability: Lunge             |       |       |    28 ||    28
         Whirlwind         |       |       |    10 ||    10
    Use: Scroll            |       |    10 |     4 ||    14
         Potion            |       |       |     3 ||     3
   Stab: Sleeping          |     7 |    13 |     7 ||    27
 Armour: Skin              |    44 |    46 |   121 ||   211
  Dodge: Dodged            |    61 |    44 |    91 ||   196

Table legend: (Time is in decaauts)
 A = Elapsed time spent in this place.
 B = Non-inter-level travel time spent in this place.
 C = Inter-level travel time spent in this place.
 D = Time resting spent in this place.
 E = Time spent auto-exploring this place.
 F = Levels seen in this place.
 G = Mean time per level.
                   A        B        C        D        E       F      G
               +--------+--------+--------+--------+--------+-----+--------+
         Total |   9293 |   8934 |    359 |    419 |   7317 |   9 | 1032.6 |
       Dungeon |   9244 |   8931 |    313 |    419 |   7317 |   8 | 1155.5 |
        Temple |     48 |      2 |     46 |      0 |      0 |   1 |   48.0 |
               +--------+--------+--------+--------+--------+-----+--------+

Top non-repeatable levels by time:
     D:7: 1643 daAuts
     D:4: 1394 daAuts
     D:5: 1386 daAuts
     D:6: 1305 daAuts
     D:3: 1198 daAuts
     D:1: 1164 daAuts
     D:2: 769 daAuts
     D:8: 382 daAuts
  Temple: 48 daAuts
